 Dungeon Crawl Stone Soup version 0.29.0-11-gd7f09526c8 (webtiles) character file.

Game seed: 12738595934625790218

234885 gelatine the Severer (level 18, -41/171 HPs)
             Began as a Minotaur Fighter on Sept 5, 2022.
             Was the Champion of Qazlal.
             Killed from afar by a deep elf annihilator (57 damage)
             ... with an iron shot
             ... on level 3 of the Elven Halls.
             The game lasted 02:03:07 (25548 turns).

gelatine the Severer (Minotaur Fighter)            Turns: 25548, Time: 02:03:07

Health: -41/171    AC: 44    Str: 31    XL:     18   Next: 46%
Magic:  16/24      EV: 11    Int:  5    God:    Qazlal [******]
Gold:   1957       SH:  8    Dex: 11    Spells: 17/17 levels left

rFire   + . .      SeeInvis .   V - +5 executioner's axe (vamp)
rCold   + . .      Faith    .   (shield currently unavailable)
rNeg    + + .      Spirit   .   w - +9 scales of the Dragon King {rPois rF+ rC+ Will+}
rPois   +          Reflect  .   (helmet restricted)
rElec   .          Harm     .   j - +2 cloak
rCorr   .          Rampage  .   n - +2 pair of gloves {hurl}
Will    ++++.      Rage     3%  k - +2 pair of boots
Stlth   ..........              e - amulet of regeneration
HPRegen 1.18/turn               v - +4 ring of slaying
MPRegen 0.19/turn               W - ring "Ehiudda" {rPois rN++ Will+ Str+3}

@: protected from physical damage, on berserk cooldown, slowed, repel missiles,
very slow
A: horns 2, retaliatory headbutt, berserk 1, strong-willed 1
}: 2/15 runes: decaying, serpentine
a: Renounce Religion, Upheaval, Elemental Force, Disaster Area


You were on level 3 of the Elven Halls.
You worshipped Qazlal.
Qazlal was exalted by your worship.
You visited 8 branches of the dungeon, and saw 30 of its levels.
You also visited: Sewer and Ice Cave.

You collected 3301 gold pieces.
You spent 1344 gold pieces at shops.

Inventory:

Hand Weapons
 a - a +3 war axe of flaming
 M - a +0 broad axe
 V - a +5 vampiric executioner's axe (weapon)
Missiles
 f - 9 boomerangs (quivered)
 r - 7 curare-tipped darts
 O - 2 throwing nets
Armour
 j - a +2 cloak (worn)
 k - a +2 pair of boots (worn)
 n - a +2 pair of gloves of hurling (worn)
 w - the +9 scales of the Dragon King (worn) {rPois rF+ rC+ Will+}
   (You found it on level 3 of the Dungeon)

   rF:        It protects you from fire.
   rC:        It protects you from cold.
   rPois:     It protects you from poison.
   Will:      It increases your willpower.
 N - a +5 kite shield of reflection
Jewellery
 e - an amulet of regeneration (around neck)
 i - a +6 ring of dexterity
 s - a ring of see invisible
 v - a +4 ring of slaying (left hand)
 H - an amulet of the acrobat
 I - a ring of willpower
 Q - a ring of magical power
 R - a ring of positive energy
 U - a ring of poison resistance
 W - the ring "Ehiudda" (right hand) {rPois rN++ Will+ Str+3}
   (You found it in an ice cave)

   [ring of poison resistance]

   Str:       It affects your strength (+3).
   rPois:     It protects you from poison.
   rN:        It greatly protects you from negative energy.
   Will:      It increases your willpower.
 Z - an amulet of reflection
Wands
 c - a wand of paralysis (12)
 t - a wand of iceblast (30)
 D - a wand of digging (13)
 E - a wand of polymorph (26)
 G - a wand of mindburst (22)
 K - a wand of quicksilver (8)
Scrolls
 b - a scroll of blinking
 g - 13 scrolls of teleportation
 m - 6 scrolls of identify
 o - 2 scrolls of fear
 x - 2 scrolls of summoning
 y - 3 scrolls of poison
 B - 2 scrolls of silence
 L - a scroll of brand weapon {unknown}
 P - 4 scrolls of magic mapping
 X - a scroll of butterflies
Potions
 d - 5 potions of might
 h - 7 potions of haste
 l - 4 potions of brilliance
 p - 4 potions of flight
 q - 11 potions of curing
 u - 3 potions of heal wounds
 A - a potion of berserk rage
 C - 4 potions of cancellation
 F - 2 potions of magic
 J - 2 potions of ambrosia
 S - 2 potions of mutation
 T - 2 potions of lignification
Miscellaneous
 z - a tin of tremorstones (2/2)
 Y - a phantom mirror


   Skills:
 * Level 17.8 Fighting
 + Level 19.2 Axes
 + Level 4.5 Ranged Weapons
 + Level 3.3 Throwing
 * Level 16.6 Armour
 * Level 13.3 Dodging
 + Level 2.1 Stealth
 + Level 15.9 Shields
 * Level 9.8 Invocations
 * Level 9.2 Evocations


You had 17 spell levels left.
You didn't know any spells.
Your spell library contained the following spells:

 Spells                   Type           Power      Damage    Failure   Level
 Sting                    Tmut/Pois      0%         1d3       100%        1
 Passwall                 Tmut/Erth      0%         N/A       100%        2
 Poisonous Vapours        Pois/Air       0%         N/A       100%        2
 Static Discharge         Conj/Air       0%         3-3/arc   100%        2
 Confusing Touch          Hex            0%         N/A       100%        3
 Dazzling Flash           Conj/Hex       0%         N/A       100%        3
 Gell's Gravitas          Tloc           0%         N/A       100%        3
 Ignite Poison            Fire/Tmut/Pois 0%         N/A       100%        3
 Lesser Beckoning         Tloc           0%         N/A       100%        3
 Mephitic Cloud           Conj/Pois/Air  0%         N/A       100%        3
 Stone Arrow              Conj/Erth      0%         3d7       100%        3
 Teleport Other           Tloc           0%         N/A       100%        3
 Airstrike                Air            0%         2d(0-16)  100%        4
 Animate Armour           Summ/Erth      0%         N/A       100%        4
 Animate Dead             Necr           0%         N/A       100%        4
 Corpse Rot               Necr/Pois/Air  0%         N/A       100%        4
 Dispel Undead            Necr           0%         3d6       100%        4
 Leda's Liquefaction      Hex/Erth       0%         N/A       100%        4
 Olgreb's Toxic Radiance  Pois           0%         N/A       100%        4
 Sticky Flame             Conj/Fire      0%         2d3       100%        4
 Summon Lightning Spire   Summ/Air       0%         N/A       100%        4
 Agony                    Necr           0%         N/A       100%        5
 Blade Hands              Tmut           0%         N/A       100%        5
 Borgnjor's Vile Clutch   Necr/Erth      0%         N/A       100%        5
 Freezing Cloud           Conj/Ice/Air   0%         6-21      100%        5
 Lee's Rapid Deconstruct  Erth           0%         3d5*      100%        5
 Lightning Bolt           Conj/Air       0%         1d11      100%        5
 Silence                  Hex/Air        0%         N/A       100%        5
 Yara's Violent Unravell  Hex/Tmut       0%         3d3       100%        5
 Death Channel            Necr           0%         N/A       100%        6
 Iron Shot                Conj/Erth      0%         9d1       100%        6
 Simulacrum               Ice/Necr       0%         N/A       100%        6
 Statue Form              Tmut/Erth      0%         N/A       100%        6
 Enfeeble                 Hex            0%         N/A       100%        7
 Haunt                    Necr/Summ      0%         N/A       100%        7
 Lehudib's Crystal Spear  Conj/Erth      0%         10d2      100%        8
 Polar Vortex             Ice            0%         N/A       100%        9


Dungeon Overview and Level Annotations

Branches:
Dungeon (10/15)            Temple (1/1) D:6            Lair (5/5) D:8
  Swamp (4/4) Lair:2        Snake (4/4) Lair:3        Slime (1/5) Lair:4
    Orc (2/2) D:10            Elf (3/3) Orc:2         Sewer (visited)
  IceCv (visited)

Altars:
Ashenzari
Cheibriados
Dithmenos
Elyvilon
Fedhas
Gozag
Hepliaklqana
Kikubaaqudgha
Makhleb
Nemelex Xobeh
Okawaru
Qazlal
Ru
Sif Muna
Trog
Uskayaw
Vehumet
Wu Jian
Xom
Yredelemnul
Zin
The Shining One
Jiyva

Shops:
D:2 *[(   D:4 !   D:6 :   D:8 *   Orc:2 ?[:*(   Elf:1 ::=:   Elf:2 =(
Snake:3 *!==   Snake:4 *:

Annotations:
Elf:3 3 runed translucent doors, Dazliare's ghost, adept NaDe; Pileg's ghost, adept FoFi; Timpihef's ghost, adept OpAK; casanoah's ghost, adept DjHW


Innate Abilities, Weirdness & Mutations

You have a pair of horns on your head.
You reflexively headbutt those who attack you in melee.
You sometimes lose your temper in combat.
You are strong-willed. (Will+)


Message History

The deep elf zephyrmancer is empowered by the deep elf high priest's aura!
The deep elf high priest calls down the wrath of its god upon you.
Something smites you!
* * * LOW HITPOINT WARNING * * *
The deep elf sorcerer hits you but does no damage.
The deep elf elementalist hits you but does no damage.
Read: 3 scrolls of fear
Press: ? - help, Q - select action, (/) - cycle Dir - look around, f - activate Look: a deep elf sorcerer, wielding a +0 dagger (lightly wounded, fast, spells empowered, chance to affect: 29%)
As you read the scroll of fear, it crumbles to dust.
You assume a fearsome visage.
The deep elf high priest easily resists.
The deep elf elementalist easily resists.
The Tzitzimitl is unaffected.
The deep elf high priest looks frightened!
The deep elf high priest looks frightened!
The deep elf demonologist looks frightened!
The deep elf sorcerer resists with almost no effort.
The deep elf annihilator resists with almost no effort.
The deep elf high priest resists with almost no effort.
The deep elf zephyrmancer looks frightened!
You hear a shout!
You block the deep elf sorcerer's attack.
You block the deep elf elementalist's attack.
The deep elf elementalist is empowered by the deep elf high priest's aura!
The deep elf high priest calls down the wrath of its god upon you.
Something smites you!
* * * LOW HITPOINT WARNING * * *
The deep elf high priest invokes the aid of its god against you.
Something smites you!
* * * LOW HITPOINT WARNING * * *
The deep elf zephyrmancer casts a spell.
The deep elf zephyrmancer blinks!
The deep elf sorcerer hits you but does no damage.
The deep elf elementalist closely misses you.
You furiously retaliate!
You headbutt the deep elf elementalist.
A deep elf master archer comes into view.
The deep elf annihilator points at you and mumbles some strange words.
The iron shot hits you!!!
You die... .... 1.. eee ee

###e###
##.e°☼.##
###§)○☼...###
#...e@e.....#
#...○)○.....#
#...).°○....#
#...........#
#..)........#
#...........#
###.......###
##.....##
###.###


You could see a Tzitzimitl (summoned), a deep elf master archer, a deep elf
annihilator (empowered), a deep elf sorcerer (fast, empowered), 2 deep elf
elementalists, a deep elf demonologist (empowered) and 3 deep elf high priests.

Vanquished Creatures
  Nikola (Elf:3)
  Mlioglotl (Swamp:3)
  Asterion (Snake:1)
  2 deep elf blademasters (Elf:3)
  An acid blob (Lair:4)
  Donald (Lair:3)
  Roxanne (Swamp:4)
  3 nagarajas (Snake:4)
  A rockslime (Lair:4)
  3 azure jellies
  2 deep elf sorcerers (Elf:3)
  4 deep elf elementalists (Elf:3)
  A quicksilver ooze (IceCv)
  3 deep elf demonologists
  5 eleionomae
  A deep elf annihilator (Elf:3)
  3 bunyips
  2 green deaths (Snake:2)
  2 deep elf death magi (Elf:3)
  A deep elf high priest (Elf:1)
  A salamander tyrant (Snake:4)
  9 hydras
  A ghost crab (Swamp:1)
  4 catoblepae
  8 anacondas
  25 dancing weapons
  13 naga warriors
  5 alligators
  2 two-headed ogres (D:10)
  7 death yaks (Lair:5)
  5 orc high priests (Orc:2)
  10 shock serpents
  12 deep elf knights
  7 naga sharpshooters
  4 goliath frogs
  3 salamander mystics
  2 sea snakes (Snake:3)
  2 large abominations (Elf:3)
  An orc knight (Orc:2)
  4 spriggan druids
  9 deep elf archers
  2 bog bodies
  3 necromancers (Elf:3)
  12 naga ritualists
  11 swamp dragons
  21 deep elf pyromancers
  23 deep elf zephyrmancers
  An ugly thing (D:9)
  An oklob plant (Snake:3)
  An orc sorcerer (Orc:2)
  9 mana vipers
  A shining eye (Slime:1)
  5 will-o-the-wisps
  2 manticores (Lair:5)
  4 salamanders
  15 elephants
  14 naga magi
  46 black mambas
  4 guardian serpents (Snake:4)
  An ice statue (IceCv)
  A torpor snail (Lair:5)
  4 cane toads
  2 rime drakes
  9 komodo dragons
  5 trolls
  A bloated husk (Swamp:3)
  6 hornets
  7 tyrant leeches
  14 slime creatures
  Grinder (D:5)
  15 blink frogs
  5 dream sheep (Lair:5)
  5 air elementals
  9 spriggans
  3 water elementals
  4 wyverns
  A shadow (D:9)
  2 fire elementals
  7 basilisks
  4 fire bats (Lair:5)
  40 yaks
  A steam dragon (D:8)
  11 vampire mosquitoes
  11 swamp worms
  3 wargs
  24 water moccasins
  42 nagas
  An acid dragon (D:9)
  11 swamp drakes
  18 orc warriors
  A black bear (Lair:3)
  11 wolves
  3 great orb of eyes simulacra (IceCv)
  9 ogres
  2 centaurs
  6 slime creature simulacra (IceCv)
  5 bullfrogs
  An elf zombie (Elf:3)
  4 gnoll sergeants
  8 scorpions
  2 earth elementals
  3 glowing shapeshifter simulacra (IceCv)
  8 wights (D:9)
  11 killer bees
  2 electric eels
  4 howler monkeys (D:9)
  17 jellies
  25 orc priests
  A gnoll bouda (D:7)
  4 hounds
  3 iguanas
  17 orc wizards
  3 shapeshifter simulacra (IceCv)
  28 gnolls
  5 adders
  6 river rats (Sewer)
  A shadow imp (D:7)
  14 white imps
  3 ufetubi
  2 worms (D:2)
  7 dart slugs
  53 orcs
  5 endoplasms
  9 giant cockroaches
  2 hobgoblins
  8 jackals
  8 kobolds
  7 quokkas
  3 training dummies (Elf:2)
  9 ball pythons
  6 bats
  8 frilled lizards
  6 goblins
  16 rats
  2 butterflies (D:8)
  A fire vortex (Lair:5)
975 creatures vanquished.

Vanquished Creatures (collateral kills)
  the Lernaean hydra (Swamp:4)
  A deep elf blademaster (Elf:3)
  Aizul (Snake:3)
  A bunyip (Swamp:1)
  A deep elf high priest (Elf:3)
  A salamander tyrant (Snake:4)
  A naga sharpshooter (Snake:4)
  2 salamander mystics (Snake:4)
  A naga ritualist (Snake:4)
  A swamp dragon (Swamp:4)
  2 salamanders (Snake:4)
  A black mamba (Snake:4)
  A naga (Snake:4)
  An orc priest (Orc:2)
  2 orc wizards (Orc:2)
18 creatures vanquished.

Vanquished Creatures (others)
  A deep elf sorcerer (Elf:3)
  A bunyip (Swamp:4)
  A naga warrior (Snake:4)
  A deep elf knight (Elf:2)
  A bloated husk (Swamp:1)
  A hornet (Swamp:4)
  A spriggan (Swamp:4)
  A naga (Snake:3)
  17 foxfires
  8 fungi
  51 plants
  2 withered plants (Elf:3)
86 creatures vanquished.

Grand Total: 1079 creatures vanquished

Notes
Turn   | Place    | Note
-------+----------+-------------------------------------------
     0 | D:1      | gelatine the Minotaur Fighter began the quest for the Orb.
     0 | D:1      | Reached XP level 1. HP: 19/19 MP: 0/0
   158 | D:1      | Reached XP level 2. HP: 22/27 MP: 1/1
  1008 | D:2      | Reached XP level 3. HP: 23/33 MP: 2/2
  1135 | D:2      | Found Eblecw's Weapon Shoppe.
  1173 | D:2      | Found Sachycid's Antique Armour Emporium.
  1218 | D:2      | Reached skill level 3 in Axes
  1401 | D:2      | Found a faded altar of an unknown god.
  1480 | D:2      | Found Wofobet's General Store.
  1922 | D:3      | Reached XP level 4. HP: 40/40 MP: 3/3
  1970 | D:3      | Found a glowing drain.
  1985 | Sewer    | Entered a sewer
  2104 | Sewer    | Reached skill level 4 in Axes
  2105 | Sewer    | Reached skill level 1 in Dodging
  2186 | Sewer    | Reached XP level 5. HP: 46/47 MP: 4/4
  2353 | D:3      | Found a radiant altar of Vehumet.
  2402 | D:3      | Found the +9 scales of the Dragon King {rPois rF+ rC+
                  | Will+}
  2477 | D:3      | Found an iron altar of Okawaru.
  2598 | D:3      | Found a stormy altar of Qazlal.
  2601 | D:3      | Found a hazy altar of Hepliaklqana.
  2604 | D:3      | Found a bloodstained altar of Trog.
  2606 | D:3      | Found a sparkling altar of Nemelex Xobeh.
  2607 | D:3      | Found an opulent altar of Gozag.
  2608 | D:3      | Found a basalt altar of Yredelemnul.
  2610 | D:3      | Found a shadowy altar of Dithmenos.
  2612 | D:3      | Found a shimmering blue altar of Sif Muna.
  2836 | D:3      | Became a worshipper of Qazlal Stormbringer
  3045 | D:4      | Reached skill level 5 in Axes
  3045 | D:4      | Reached XP level 6. HP: 55/55 MP: 5/5
  3112 | D:4      | Found Vaziod's Distillery.
  3399 | D:4      | Reached skill level 5 in Fighting
  3576 | D:5      | Entered Level 5 of the Dungeon
  3605 | D:5      | Reached * piety under Qazlal
  3606 | D:5      | Reached skill level 6 in Axes
  3632 | D:5      | Reached skill level 5 in Armour
  3632 | D:5      | Reached XP level 7. HP: 59/61 MP: 6/6
  4192 | D:5      | Noticed Grinder
  4204 | D:5      | Killed Grinder
  4205 | D:5      | Reached skill level 7 in Axes
  4205 | D:5      | Reached skill level 5 in Shields
  4391 | D:6      | Found a hide-covered altar of Uskayaw.
  4474 | D:6      | Found a staircase to the Ecumenical Temple.
  4484 | Temple   | Entered the Ecumenical Temple
  4770 | D:6      | Found a burning altar of Makhleb.
  4790 | D:6      | Found a glowing golden altar of the Shining One.
  4872 | D:6      | Reached XP level 8. HP: 51/70 MP: 7/7
  4956 | D:6      | Found Fafi's Book Emporium.
  5167 | D:6      | Reached skill level 8 in Axes
  5585 | D:7      | Reached skill level 9 in Axes
  5660 | D:7      | Reached ** piety under Qazlal
  5744 | D:7      | Found an ancient bone altar of Kikubaaqudgha.
  6401 | D:8      | Reached XP level 9. HP: 78/78 MP: 8/8
  6483 | D:8      | Found Ibi Avid's General Store.
  6522 | D:8      | Found a runed translucent door.
  6527 | D:8      | Found a runed translucent door.
  6538 | D:8      | Reached skill level 10 in Axes
  6777 | D:8      | Noticed a komodo dragon
  6783 | D:8      | Killed a komodo dragon
  6798 | D:8      | Reached skill level 11 in Axes
  6811 | D:8      | Noticed a komodo dragon
  6823 | D:8      | Killed a komodo dragon
  6832 | D:8      | Found a staircase to the Lair.
  6846 | D:8      | Reached *** piety under Qazlal
  6860 | D:8      | Reached XP level 10. HP: 88/88 MP: 9/9
  7138 | D:9      | Noticed a green ugly thing
  7147 | D:9      | Killed a green ugly thing
  7148 | D:9      | Reached skill level 12 in Axes
  7148 | D:9      | Reached skill level 5 in Dodging
  7387 | D:9      | Reached skill level 13 in Axes
  7486 | D:9      | Reached **** piety under Qazlal
  7686 | D:10     | Entered Level 10 of the Dungeon
  7686 | D:10     | Found a staircase to the Orcish Mines.
  7696 | D:10     | Found a broken altar of Ashenzari.
  7794 | D:10     | Found a large runed translucent door.
  7794 | D:10     | Found a large runed translucent door.
  7802 | D:10     | Paralysed by an air elemental for 1 turns
  7806 | D:10     | Paralysed by an air elemental for 1 turns
  7822 | D:10     | Reached XP level 11. HP: 66/95 MP: 10/10
  7942 | D:10     | Noticed a two-headed ogre
  7946 | D:10     | Killed a two-headed ogre
  8065 | D:10     | Reached skill level 14 in Axes
  8195 | D:10     | Noticed a two-headed ogre
  8207 | D:10     | Killed a two-headed ogre
  8569 | D:10     | Found a blossoming altar of Fedhas.
  8727 | D:2      | Bought the +3 greatsling "Punk" {acid, rCorr} for 406 gold
                  | pieces
  8727 | D:2      | Found the +3 greatsling "Punk" {acid, rCorr}
  8883 | Lair:1   | Entered Level 1 of the Lair of Beasts
  8907 | Lair:1   | Reached ***** piety under Qazlal
  8994 | Lair:1   | Reached skill level 10 in Fighting
  9036 | Lair:1   | Reached skill level 15 in Axes
  9183 | Lair:1   | Reached skill level 1 in Ranged Weapons
  9615 | Lair:2   | Reached skill level 10 in Armour
  9620 | Lair:2   | Reached XP level 12. HP: 86/106 MP: 11/11
  9690 | Lair:2   | Found a staircase to the Swamp.
 10383 | Lair:3   | Reached skill level 16 in Axes
 10491 | Lair:3   | Noticed a catoblepas
 10507 | Lair:3   | Killed a catoblepas
 10508 | Lair:3   | Reached skill level 10 in Shields
 10599 | Lair:3   | Found a staircase to the Snake Pit.
 11001 | Snake:1  | Entered Level 1 of the Snake Pit
 11001 | Snake:1  | Noticed Asterion
 11001 | Snake:1  | Noticed a naga warrior
 11004 | Snake:1  | Noticed a green death
 11007 | Snake:1  | Noticed Donald
 11013 | Lair:3   | Killed a naga warrior
 11014 | Lair:3   | Reached skill level 1 in Invocations
 11014 | Lair:3   | Reached skill level 1 in Evocations
 11053 | Lair:4   | Found a frozen archway.
 11073 | Lair:4   | Noticed an eight-headed hydra
 11085 | Lair:4   | Killed a two-headed hydra
 11089 | Lair:4   | Reached ****** piety under Qazlal
 11091 | Lair:4   | Reached XP level 13. HP: 96/116 MP: 11/13
 11097 | IceCv    | Entered an ice cave
 11151 | IceCv    | Noticed a quicksilver ooze
 11159 | IceCv    | Killed a quicksilver ooze
 11356 | IceCv    | Noticed an azure jelly
 11364 | IceCv    | Killed an azure jelly
 11400 | IceCv    | Noticed an azure jelly
 11403 | IceCv    | Found a viscous altar of Jiyva.
 11407 | IceCv    | Killed an azure jelly
 11439 | IceCv    | Identified the ring "Ehiudda" {rPois rN++ Will+ Str+3}
 11579 | Lair:4   | Found a staircase to the Slime Pits.
 11585 | Lair:4   | Found a viscous altar of Jiyva.
 12260 | Lair:5   | Entered Level 5 of the Lair of Beasts
 12672 | Lair:5   | Reached skill level 17 in Axes
 12682 | Lair:5   | Reached XP level 14. HP: 112/129 MP: 16/16
 13334 | Swamp:1  | Entered Level 1 of the Swamp
 13608 | Swamp:1  | Identified the +6 plate armour of the Lime {*Corrode rN+
                  | Will+ Str+4}
 13939 | Snake:1  | Noticed an Executioner
 13955 | Lair:3   | Killed Donald
 14015 | Snake:1  | Noticed a balrug
 14020 | Snake:1  | Killed Asterion
 14021 | Snake:1  | Reached skill level 5 in Invocations
 14166 | Snake:1  | Reached skill level 5 in Evocations
 14212 | Snake:1  | Reached skill level 10 in Dodging
 14859 | Snake:2  | Gained mutation: You are strong-willed. (Will+) [potion of
                  | mutation]
 14859 | Snake:2  | Gained mutation: You have an increased reservoir of magic.
                  | (+10% MP) [potion of mutation]
 14864 | Snake:2  | Found a runed translucent door.
 14977 | Snake:2  | Reached XP level 15. HP: 122/139 MP: 11/20
 15048 | Snake:2  | Reached skill level 1 in Throwing
 15346 | Snake:2  | Found a hide-covered altar of Uskayaw.
 15568 | Slime:1  | Entered Level 1 of the Pits of Slime
 15569 | Slime:1  | Noticed an acid blob
 15570 | Slime:1  | Noticed a rockslime
 15570 | Slime:1  | Noticed an azure jelly
 15589 | Lair:4   | Killed a rockslime
 15598 | Lair:4   | Killed an azure jelly
 15599 | Lair:4   | Killed an acid blob
 15795 | Slime:1  | Lost mutation: You have an increased reservoir of magic.
                  | (+10% MP) [a shining eye]
 15797 | Slime:1  | Gained mutation: You sometimes lose your temper in combat.
                  | [a shining eye]
 16119 | Orc:1    | Entered Level 1 of the Orcish Mines
 16256 | Orc:2    | Entered Level 2 of the Orcish Mines
 16342 | Orc:2    | Found Qaosep's Weapon Emporium.
 16432 | Orc:2    | Found Qijioqet's Assorted Antiques.
 16433 | Orc:2    | Found Vumoriuc's Armour Shoppe.
 16437 | Orc:2    | Found Moiruq's Book Shoppe.
 16441 | Orc:2    | Bought a pair of runed gloves for 307 gold pieces
 16441 | Orc:2    | Bought a potion of heal wounds for 205 gold pieces
 16441 | Orc:2    | Bought a potion of heal wounds for 205 gold pieces
 16572 | Orc:2    | Found a staircase to the Elven Halls.
 16891 | Orc:2    | Found Rosafeiz's Magic Scroll Boutique.
 16904 | Orc:2    | Bought a scroll of identify for 34 gold pieces
 17449 | Elf:1    | Entered Level 1 of the Elven Halls
 17468 | Elf:1    | Reached skill level 15 in Fighting
 17944 | Elf:1    | Found Zosair's Book Shoppe.
 18279 | Elf:1    | Found Ychar's Jewellery Emporium.
 18279 | Elf:1    | Found Xebi's Book Shop.
 18280 | Elf:1    | Found Qixoeh's Book Shop.
 18660 | Snake:3  | Noticed Aizul
 18678 | Snake:3  | Killed Aizul
 18932 | Snake:3  | Reached XP level 16. HP: 149/149 MP: 20/20
 18982 | Snake:3  | Found Mipunu's General Store.
 18994 | Snake:3  | Found Jivuesche's Distillery.
 18997 | Snake:3  | Found Ummoesh's Jewellery Shop.
 19001 | Snake:3  | Bought a potion of curing for 51 gold pieces
 19001 | Snake:3  | Bought a potion of might for 68 gold pieces
 19001 | Snake:3  | Bought a potion of might for 68 gold pieces
 19726 | Snake:3  | Found Gobipn's Jewellery Emporium.
 19893 | Snake:4  | Entered Level 4 of the Snake Pit
 20063 | Snake:4  | Reached skill level 15 in Armour
 20120 | Snake:4  | Reached skill level 18 in Axes
 20271 | Snake:4  | Reached skill level 1 in Stealth
 20725 | Snake:4  | Got a serpentine rune of Zot
 20806 | Snake:4  | Found Biyllutato's Assorted Antiques.
 20811 | Snake:4  | Found Suucis's Book Shoppe.
 21287 | Swamp:2  | Reached XP level 17. HP: 107/159 MP: 22/22
 21488 | Swamp:2  | Identified the +3 spear of Equilibrium {vamp, Dex+4}
 21549 | Swamp:2  | Identified the +3 ring mail of the Blue God {rC+}
 21959 | Swamp:3  | Noticed Mlioglotl
 21970 | Swamp:3  | Killed Mlioglotl
 22298 | Swamp:4  | Entered Level 4 of the Swamp
 22298 | Swamp:4  | Identified Roxanne's Octavo of Metal
 22298 | Swamp:4  | Noticed Roxanne
 22462 | Swamp:4  | Killed Roxanne
 22544 | Swamp:4  | Reached skill level 15 in Shields
 22640 | Swamp:4  | Noticed the 27-headed Lernaean hydra
 22642 | Swamp:4  | Killed the 27-headed Lernaean hydra
 22718 | Swamp:4  | Got a decaying rune of Zot
 23612 | Elf:2    | Found Tapikamu's Firing Range.
 23772 | Elf:2    | Found Naoxzo's Jewellery Shoppe.
 23777 | Elf:2    | Paralysed by an air elemental for 1 turns
 23874 | Elf:2    | Found a runed translucent gate.
 23874 | Elf:2    | Found a runed translucent gate.
 23874 | Elf:2    | Found a runed translucent gate.
 24532 | Elf:2    | Reached XP level 18. HP: 155/170 MP: 24/24
 24796 | Elf:3    | Entered Level 3 of the Elven Halls
 24863 | Elf:3    | Paralysed by an air elemental for 1 turns
 24971 | Elf:3    | Paralysed by an air elemental for 1 turns
 24980 | Elf:3    | Found a runed translucent gate.
 24980 | Elf:3    | Noticed Dazliare's ghost (adept NaDe)
 24981 | Elf:3    | Found a runed translucent gate.
 24981 | Elf:3    | Noticed Timpihef's ghost (adept OpAK)
 24983 | Elf:3    | Found a runed translucent gate.
 24983 | Elf:3    | Noticed casanoah's ghost (adept DjHW)
 24983 | Elf:3    | Noticed Pileg's ghost (adept FoFi)
 25151 | Elf:3    | Got the Anthology of Darkness
 25164 | Elf:3    | Noticed Nikola
 25173 | Elf:3    | Killed Nikola
 25330 | Elf:3    | Reached skill level 19 in Axes
 25547 | Elf:3    | Noticed a Tzitzimitl
 25548 | Elf:3    | Killed from afar by a deep elf annihilator

Illustrated notes

Levels and vault maps discovered:
D:1:      grunt_arrival_lava_bath, layout_loops_corners
D:2:      layout_basic, serial_shops, shop, shop, nicolae_square_shop,
          shapermc_ecumenical_altar_starsandcircs, serial_co_window_serial,
          co_window_paths_b, co_window_paths_a, co_window_corner_a,
          co_window_paths_a, co_window_paths_b, co_window_corner_b,
          co_window_paths_c, co_window_corner_b, co_window_corner_b,
          co_window_corner_b, co_window_corner_b, co_window_4corner_b,
          glass_columns_a
D:3:      layout_rooms, mainiacjoe_overflow_surrounded_room, vehumet_crystals,
          nicolae_overflow_hallway_of_the_gods, gup_sewer_entry_pipe,
          lemuel_another_geyser
D:4:      layout_loops_ring, serial_shops, shop
D:5:      layout_basic, serial_curves, eino_curves_04, eino_curves_02,
          minmay_misc_feat_ornament, kennysheep_big_empty_room, uniq_grinder
D:6:      layout_basic, eat_drink_and_be_merry_uskayaw,
          mainiacjoe_overflow_large_starburst, minmay_temple_entry_waves,
          serial_shops, shop, water_maze_lemuel
D:7:      layout_loops_corners, mainiacjoe_overflow_24_doors, kennysheep_dice
D:8:      lemuel_insect_pit, layout_rooms, erik_lair_dragon, serial_shops, shop,
          hangedman_decor_points
D:9:      layout_cave_pools, grunt_ministairs_9
D:10:     layout_loops_ring, marbit_many_paths, nicolae_overflow_hidden_temple,
          orc_0_dummy, lightli_elemental_guards
Temple:   nicolae_temple_two_arcs
Lair:1:   layout_chaotic_city
Lair:2:   layout_regular_city, swamp_mist
Lair:3:   layout_hall_layers, minmay_snake_entry_six_corridors,
          lemuel_fruit_tree, grunt_megastairs_1
Lair:4:   layout_layer_cave, minmay_slime_entry_jelly_boxes,
          portal_ice_cave_entry_imps
Lair:5:   evilmike_catoblepas_cave, layout_gridlike, gauntlet_entry_generic
Swamp:1:  layout_falls_marsh, evilmike_swamp_ruin_house_5, swamp_pool2
Swamp:2:  layout_basic_swamp, infiniplex_staircase_pool, nicolae_swamp_oxbows
Swamp:3:  layout_falls_marsh, evilmike_swamp_ruin_house_1, uniq_mlioglotl
Swamp:4:  swamp_old_school, layout_basic_swamp, infiniplex_staircase_pool_2,
          uniq_roxanne
Snake:1:  layout_rooms, uniq_asterion, uniq_donald
Snake:2:  cheibrodos_toxic_ritual, layout_grid_shapes, basic_altar
Snake:3:  dpeg_oklob_gauntlet, layout_onion_interference, serial_shops,
          nicolae_shop_behind_doors, nicolae_snake_serpentine_bazaar,
          serial_bayou_shore_b, nicolae_triple_integral, serial_bayou_shore_a,
          uniq_aizul
Snake:4:  johnstein_snake_rune_scales, layout_onion, drop_trap, minmay_shop_star
Slime:1:  layout_caves
Orc:1:    layout_caves, basic_altar
Orc:2:    st_orc_mages, layout_caves, serial_shops, shop
Elf:1:    elf_arrival_001, layout_geoelf_grid, serial_shops, shop,
          hangedman_elf_represent, st_stairs_14, minmay_shop_grove
Elf:2:    elven_hall_of_blades_hangedman_original [grunt_blade_entry_basic],
          layout_loops_ring, serial_shops, shop, nicolae_shop_firing_range
Elf:3:    minmay_elf_hall_hex, layout_loops_corners, gammafunk_ghost_cemetery,
          minivault_14, minmay_elf_necromancy, uniq_nikola

Skill      XL: |  1  2  3  4  5  6  7  8  9 10 11 12 13 14 15 16 17 18 |
---------------+-------------------------------------------------------+-----
Shields        | 4 5 6 7 8 9 10 11 12 13 14 15 | 15.9
Fighting       | 4 5 6 7 8 10 11 13 14 15 16 17 | 17.8
Armour         | 4 5 6 7 8 10 11 12 13 14 15 16 | 16.6
Axes           | 3 4 5 6 7 9 11 13 15 16 17 18 19 | 19.2
Dodging        | 1 2 3 4 5 7 8 9 10 11 12 13 | 13.3
Ranged Weapons | 2 4 |  4.5
Invocations    | 1 4 5 7 8 9 |  9.8
Evocations     | 1 3 5 6 7 8 9 |  9.2
Throwing       | 1 2 3 |  3.3
Stealth        | 2 |  2.1

Action                   |  1- 3 |  4- 6 |  7- 9 | 10-12 | 13-15 | 16-18 || total
-------------------------+-------+-------+-------+-------+-------+-------++-------
Melee: War axe           |    93 |   126 |   240 |   385 |   698 |   629 ||  2171
       Headbutt          |    14 |    14 |    40 |    76 |   182 |   171 ||   497
       Battleaxe         |       |       |       |       |    17 |       ||    17
       Executioner's axe |       |       |       |       |       |   136 ||   136
 Fire: Greatsling        |       |       |       |    31 |     2 |       ||    33
Throw: Boomerang         |       |       |       |     9 |    55 |    67 ||   131
Invok: Upheaval          |       |       |       |       |     7 |     2 ||     9
       Elemental Force   |       |       |       |       |     4 |     4 ||     8
       Disaster Area     |       |       |       |       |     2 |     2 ||     4
Evoke: Wand              |       |       |       |       |     2 |       ||     2
       Phantom mirror    |       |       |       |       |       |     1 ||     1
  Use: Potion            |     3 |     1 |       |     1 |     5 |     3 ||    13
       Scroll            |     5 |     3 |    12 |     5 |     7 |     9 ||    41
 Stab: Paralysed         |       |       |       |       |       |    11 ||    11
       Confused          |       |       |       |       |       |     2 ||     2
       Distracted        |       |       |       |       |       |     1 ||     1
Armor: Scale mail        |    45 |    33 |       |       |       |       ||    78
       Gold dragon scale |       |    32 |   188 |   223 |   284 |   389 ||  1116
Dodge: Dodged            |    42 |    41 |    54 |    63 |   125 |   186 ||   511
       Repelled          |       |       |       |     2 |    17 |    28 ||    47
Block: Buckler           |    23 |    46 |   103 |   235 |    12 |       ||   419
       Tower shield      |       |       |       |       |   240 |       ||   240
       Kite shield       |       |       |       |       |   352 |   691 ||  1043
       Reflection        |       |       |       |       |    33 |    84 ||   117
       Other             |       |       |       |       |     6 |    41 ||    47
